Map: Neon Violet Square LE

Players

destroyerguy

  • Race: Protoss Protoss
  • Spawn Location: 11:00

TheBlueDuck - Winner!

  • Race: Zerg Zerg
  • Spawn Location: 5:00

VOD

Have the link to the VOD?

Description

Time

  • Played on: Nov. 25, 2017, 4:01 p.m.
  • Length: 19:09
Show
View Real Time Build Order
Export as new Build Order

destroyerguy Protoss 

Build Orders:  

Get SALT Encoding   

  12  0:01  Probe  
  13  0:13  Probe  
  14  0:20  Pylon  
  14  0:30  Pylon  
  14  0:32  Probe  
  15  0:46  Gateway  
  15  0:51  Assimilator  
  15  0:59  Assimilator  
  15  1:03  Probe  
  16  1:15  Probe  
  17  1:27  Probe  
  18  1:39  Probe (Chrono Boost)  
  19  1:42  Cybernetics Core  
  19  1:51  Probe (Chrono Boost)  
  20  1:58  Probe (Chrono Boost)  
  21  2:05  Zealot  
  21  2:06  Probe  
  24  2:18  Gateway, Warp Gate (Chrono Boost), Probe  
  25  2:26  Gateway  
  25  2:30  Probe  
  26  2:41  Zealot  
  26  2:42  Probe  
  29  3:00  Twilight Council  
  29  3:06  Pylon  
  29  3:08  Zealot  
  29  3:12  Pylon  
  31  3:26  Stalker x2  
  35  3:35  Zealot  
  37  3:45  Templar Archives, Charge  
  37  4:12  Psionic Storm  
  37  4:22  Gateway  
  37  4:45  Nexus  
  37  4:52  Pylon  
  37  4:55  Pylon  
  37  4:57  Probe  
  37  4:58  Pylon  
  38  5:09  Probe  
  39  5:17  High Templar x2  
  39  5:18  High Templar  
  45  5:22  Probe  
  46  5:34  Probe  
  47  5:51  High Templar  
  49  5:58  Probe  
  50  6:07  Assimilator  
  50  6:10  Probe  
  50  6:11  Assimilator  
  51  6:22  Probe  
  51  6:24  Probe  
  53  6:35  Probe  
  53  6:36  Probe  
  56  6:47  Probe  
  56  6:48  High Templar  
  56  6:49  Probe  
  56  6:51  Stalker  
  56  6:52  Stalker  
  56  6:53  Stalker  
  65  6:59  Probe  
  65  7:01  Probe  
  67  7:11  Probe  
  67  7:13  Probe  
  69  7:22  Stalker  
  71  7:23  Zealot, Probe  
  71  7:25  Zealot, Probe  
  71  7:27  Zealot  
  79  7:57  Pylon  
  79  8:18  Nexus  
  79  8:20  Pylon  
  79  8:22  Pylon, Zealot  
  79  8:23  Zealot  
  79  8:24  Pylon  
  79  8:26  Assimilator, Stalker  
  85  8:27  Stalker  
  85  8:32  Assimilator  
  87  8:39  Archon  
  87  8:40  Archon  
  57  9:30  Probe  
  58  9:39  Probe  
  58  9:42  Probe  
  60  9:51  Probe  
  61  9:55  Probe  
  62  10:03  Probe  
  64  10:07  Probe  
  64  10:15  Stargate, Probe  
  64  10:17  Stargate  
  64  10:19  Stargate, Probe  
  66  10:26  High Templar x3  
  66  10:27  Probe  
  73  10:32  High Templar  
  73  10:35  Archon  
  75  10:36  Archon  
  75  10:59  Probe  
  76  11:11  Probe  
  77  11:12  Nexus  
  77  11:23  Probe  
  77  11:24  Pylon  
  78  11:26  Pylon  
  78  11:29  Pylon  
  78  11:30  High Templar x2  
  78  11:31  High Templar x2  
  86  11:35  Probe  
  86  11:36  Archon  
  86  11:37  Archon  
  87  11:47  Probe  
  87  11:52  Fleet Beacon  
  88  11:58  Phoenix x2  
  88  11:59  Probe, Void Ray  
  97  12:11  Probe  
  98  12:22  Void Ray  
  98  12:23  Void Ray, Probe  
  98  12:24  Probe  
  108  12:35  Probe  
  108  12:36  Probe  
  110  12:42  Phoenix  
  96  12:47  Probe  
  96  12:48  Probe  
  55  13:00  Probe x2  
  56  13:12  Probe x2  
  44  13:25  Probe  
  31  13:37  Probe  
  32  13:44  Nexus  
  32  13:48  Assimilator  
  32  13:49  Probe  
  32  13:52  Assimilator  
  29  13:58  Pylon  
  29  14:01  Pylon, Probe  
  30  14:03  Pylon  
  30  14:13  Probe  
  31  14:17  Gateway  
  31  14:18  Gateway  
  31  14:19  Gateway  
  31  14:21  Gateway  
  31  14:23  Probe  
  32  14:25  Probe  
  33  14:35  Probe  
  33  14:37  Probe  
  35  14:47  Probe  
  35  14:49  Probe  
  37  14:59  Probe  
  38  15:00  Probe  
  38  15:01  Probe  
  40  15:11  Probe  
  40  15:12  Probe  
  40  15:13  Probe  
  40  15:14  Assimilator  
  43  15:17  Assimilator  
  43  15:22  Pylon  
  43  15:24  Pylon, Probe  
  27  15:36  Probe  
  26  15:48  Probe  
  15  16:19  Nexus  
  15  16:20  Pylon x2, Assimilator  
  15  16:21  Assimilator  
  15  16:23  Pylon  
  10  17:30  Nexus  
  10  17:31  Pylon  
  10  17:34  Nexus, Assimilator  
  10  17:35  Pylon, Assimilator  
  10  17:36  Pylon, Probe  
  10  17:37  Nexus, Pylon  
  11  17:39  Pylon  
  11  17:40  Pylon  
  11  17:42  Pylon, Nexus  
  11  17:45  Pylon  
  11  17:48  Probe  
  12  18:00  Probe  
  13  18:12  Probe  
  14  18:22  Gateway  
  14  18:23  Gateway  
  14  18:24  Probe  
  15  18:27  Gateway  
  15  18:30  Gateway  
  15  18:36  Probe  
  1  18:48  Probe  
Show
View Real Time Build Order
Export as new Build Order

TheBlueDuck Zerg - Winner!

Build Orders: Pool First 

Get SALT Encoding   

  12  0:01  Drone  
  13  0:13  Overlord  
  13  0:21  Drone  
  14  0:25  Overlord  
  14  0:31  Drone  
  14  0:35  Drone  
  16  0:47  Drone  
  17  0:55  Spawning Pool  
  16  0:58  Drone  
  17  1:05  Extractor  
  17  1:07  Drone  
  17  1:12  Extractor  
  17  1:18  Drone  
  17  1:28  Drone  
  18  1:46  Drone  
  19  1:50  Drone  
  20  1:56  Lair  
  20  2:05  Drone  
  21  2:11  Drone  
  21  2:12  Hatchery  
  21  2:22  Zergling x2  
  22  2:33  Drone  
  23  2:45  Drone  
  24  2:54  Zergling x2  
  25  3:02  Hydralisk Den  
  25  3:04  Infestation Pit  
  25  3:05  Drone  
  24  3:16  Zergling x2  
  25  3:26  Drone  
  26  3:29  Drone  
  27  3:37  Hydralisk  
  29  3:45  Hive  
  29  3:48  Zergling x2  
  30  3:55  Drone x2  
  32  3:58  Drone, Hatchery  
  31  4:32  Hydralisk x2  
  31  4:34  Overlord  
  31  4:35  Overlord x3  
  35  4:50  Overlord  
  35  4:51  Overlord  
  35  4:56  Overlord  
  35  4:58  Overlord  
  35  5:09  Drone  
  35  5:10  Drone  
  37  5:16  Extractor  
  37  5:17  Extractor  
  37  5:19  Drone  
  37  5:20  Drone  
  37  5:26  Drone  
  38  5:29  Drone  
  38  5:31  Drone x2  
  38  5:33  Drone  
  42  5:38  Drone  
  43  5:44  Ultralisk Cavern  
  43  5:47  Hydralisk  
  43  5:48  Hydralisk  
  46  5:52  Hydralisk  
  48  5:57  Muscular Augments  
  48  5:59  Drone  
  48  6:01  Drone  
  50  6:06  Drone x2  
  50  6:09  Drone  
  53  6:13  Drone  
  53  6:15  Drone  
  55  6:21  Hydralisk  
  55  6:24  Hydralisk  
  59  6:30  Drone  
  60  6:33  Extractor  
  60  6:34  Drone x2, Extractor  
  60  6:36  Drone  
  61  6:41  Hydralisk  
  63  6:53  Drone  
  64  6:57  Drone x2  
  66  7:06  Hydralisk x3  
  72  7:11  Ultralisk  
  72  7:13  Drone  
  79  7:15  Drone  
  79  7:17  Drone  
  79  7:19  Drone  
  82  7:27  Drone  
  83  7:35  Drone x3  
  86  8:00  Drone x2, Hatchery  
  86  8:02  Ultralisk x2  
  86  8:03  Hydralisk  
  101  8:06  Drone x2  
  101  8:07  Drone  
  101  8:10  Drone  
  105  8:29  Overlord x2  
  105  8:30  Overlord x2  
  105  8:32  Overlord x2  
  105  9:02  Extractor  
  101  9:28  Ultralisk x3  
  101  9:29  Hydralisk x3  
  101  9:30  Hydralisk  
  101  9:31  Hydralisk x2  
  127  9:37  Drone x2  
  127  9:38  Drone  
  134  9:41  Overlord  
  134  9:52  Drone x3  
  137  9:53  Drone x3  
  137  9:57  Overlord  
  140  10:01  Overlord  
  140  10:03  Overlord  
  140  10:06  Overlord  
  140  10:08  Overlord  
  140  10:14  Overlord  
  140  10:16  Overlord  
  146  10:21  Ultralisk  
  146  10:28  Hydralisk  
  146  10:29  Hydralisk  
  146  10:31  Hydralisk  
  146  10:35  Hydralisk  
  152  10:37  Hydralisk  
  152  10:38  Hydralisk x2  
  160  10:49  Drone  
  161  10:55  Extractor  
  161  10:56  Ultralisk  
  161  10:57  Ultralisk x2  
  178  10:58  Ultralisk x2  
  178  10:59  Hydralisk  
  178  11:00  Hydralisk x2  
  196  11:17  Hydralisk x2  
  200  11:26  Chitinous Plating  
  200  18:32  Spire  
Tags
 
Add a new tag
Caveats
  • Supply blocks, unpowered buildings, or Contaminate may cause inaccurate times.
  • Supply counts are checked every 10 seconds.